General information
- name: BNet
- type: Ladder 1vs1/FFA
- host: Battle.net
- saver: BEAR_AND
map: TwistedMeadows
- players: 2
- length: 71:59
- speed: Fast
- version: 1.26 W3XP
- replay type:

» download(197 KB)
Players
team 1 (winner)
BEAR_AND (
teal | 79 APM | 5717 actions | 71:59)
5 Demon Hunter
3 Mana Burn
2 Evasion
5 Pandaren Brewmaster
3 Breath of Fire
2 Drunken Haze
5 Warden
3 Shadow Strike
2 Blink
» actions
| Assign group hotkey | 17 | |
| Basic commands | 9 | |
| Build / train | 192 | |
| Enter build submenu | 145 | |
| Enter hero's abilities submenu | 16 | |
| Give item / drop item | 19 | |
| Remove unit from queue | 6 | |
| Right click | 2965 | |
| Select / deselect | 1203 | |
| Select group hotkey | 642 | |
| Use ability | 503 | |
5717 total
» units
| Wisp | 122 | |
| Goblin Zeppelin | 1 | |
| Chimaera | 6 | |
129 total
» upgrades
| Ultravision | 1 | |
| Well Spring | 1 | |
| Strength of the Wild | 3 | |
| Reinforced Hides | 2 | |
| Nature's Blessing | 1 | |
| Corrosive Breath | 1 | |
9 total
» buildings
| Altar of Elders | 2 | |
| Moon Well | 57 | |
| Hunter's Hall | 1 | |
| Ancient Protector | 78 | |
| Ancient of Wonders | 4 | |
| Tree of Ages | 3 | |
| Tree of Life | 5 | |
| Tree of Eternity | 1 | |
| Ancient of Wind | 1 | |
| Chimaera Roost | 7 | |
159 total
» build order
00:05 Altar of Elders
00:18 Moon Well
00:55 Moon Well
02:02 Hunter's Hall
02:13 Moon Well
03:11 Ancient Protector
03:14 Ancient Protector
03:23 Ancient Protector
04:05 Ancient Protector
04:08 Ancient Protector
04:09 Ancient Protector
04:35 Moon Well
04:52 Ancient of Wonders
05:17 Tree of Ages
05:17 Tree of Ages
05:36 Moon Well
06:52 Moon Well
08:05 Tree of Life
08:26 Tree of Life
09:23 Tree of Eternity
10:39 Ancient Protector
10:40 Ancient Protector
10:51 Ancient Protector
10:52 Ancient Protector
12:50 Ancient Protector
12:51 Ancient Protector
12:52 Ancient Protector
12:55 Ancient Protector
13:33 Moon Well
14:39 Moon Well
14:40 Moon Well
14:41 Ancient Protector
14:42 Ancient Protector
14:43 Ancient Protector
14:44 Ancient Protector
14:49 Ancient Protector
14:50 Ancient Protector
15:05 Moon Well
15:07 Ancient Protector
16:27 Ancient Protector
16:31 Ancient Protector
17:39 Moon Well
17:40 Moon Well
20:01 Tree of Life
20:08 Tree of Life
20:22 Ancient Protector
20:24 Ancient Protector
20:25 Ancient Protector
20:25 Ancient Protector
20:26 Ancient Protector
20:28 Ancient Protector
20:28 Ancient Protector
20:29 Ancient Protector
20:33 Moon Well
20:33 Moon Well
22:06 Ancient Protector
22:07 Ancient Protector
23:07 Moon Well
23:08 Moon Well
23:09 Moon Well
23:10 Moon Well
23:36 Ancient of Wonders
25:06 Ancient Protector
25:07 Ancient Protector
25:07 Ancient Protector
25:08 Ancient Protector
25:09 Ancient Protector
25:09 Ancient Protector
26:10 Ancient Protector
26:10 Ancient Protector
26:11 Ancient Protector
26:12 Ancient Protector
26:13 Ancient Protector
26:13 Ancient Protector
26:15 Tree of Life
26:17 Moon Well
26:18 Moon Well
26:21 Moon Well
26:21 Moon Well
26:22 Moon Well
26:22 Moon Well
26:23 Moon Well
27:35 Moon Well
27:35 Moon Well
27:40 Ancient Protector
27:41 Ancient Protector
27:41 Ancient Protector
27:42 Ancient Protector
27:42 Ancient Protector
27:44 Ancient Protector
28:27 Ancient of Wonders
28:50 Moon Well
28:51 Moon Well
28:52 Moon Well
28:52 Moon Well
28:55 Moon Well
29:04 Moon Well
29:05 Moon Well
29:50 Ancient Protector
29:51 Ancient Protector
29:52 Ancient Protector
29:57 Ancient Protector
29:59 Ancient Protector
30:03 Ancient Protector
30:04 Ancient Protector
30:30 Ancient Protector
31:13 Ancient Protector
31:15 Ancient Protector
31:18 Moon Well
31:19 Moon Well
31:20 Moon Well
31:22 Moon Well
31:46 Ancient Protector
31:50 Ancient Protector
32:13 Ancient Protector
32:14 Ancient Protector
32:15 Ancient Protector
32:54 Ancient of Wonders
33:13 Altar of Elders
33:28 Ancient Protector
33:58 Ancient Protector
34:44 Ancient Protector
34:45 Ancient Protector
34:46 Ancient Protector
35:00 Ancient Protector
35:31 Ancient of Wind
35:51 Ancient Protector
36:01 Ancient Protector
36:04 Ancient Protector
36:06 Ancient Protector
36:10 Ancient Protector
36:59 Ancient Protector
43:18 Moon Well
43:18 Moon Well
43:19 Moon Well
43:20 Moon Well
43:20 Moon Well
43:21 Moon Well
43:22 Moon Well
43:23 Moon Well
43:23 Moon Well
43:25 Moon Well
43:26 Moon Well
43:27 Moon Well
43:28 Moon Well
43:28 Moon Well
43:29 Moon Well
43:30 Moon Well
44:23 Moon Well
44:36 Moon Well
44:38 Moon Well
45:12 Chimaera Roost
45:13 Chimaera Roost
45:14 Chimaera Roost
45:15 Chimaera Roost
45:16 Chimaera Roost
45:18 Chimaera Roost
45:19 Chimaera Roost
» items
| Potion of Healing | 1 | |
| Lesser Clarity Potion | 1 | |
| Staff of Preservation | 3 | |
| Dust of Appearance | 3 | |
| Staff of Teleportation | 3 | |
| Scroll of Healing | 1 | |
| Boots of Speed | 3 | |
| Potion of Lesser Invulnerability | 1 | |
| Orb of Venom | 4 | |
20 total
team 2 (loser)
lubly (
orange | 30 APM | 2192 actions | 71:58)
4 Blademaster
2 Wind Walk
2 Critical Strike
4 Shadow Hunter
2 Healing Wave
2 Hex
» actions
| Assign group hotkey | 36 | |
| Basic commands | 19 | |
| Build / train | 120 | |
| Enter build submenu | 21 | |
| Enter hero's abilities submenu | 9 | |
| Give item / drop item | 1 | |
| Remove unit from queue | 3 | |
| Right click | 961 | |
| Select / deselect | 484 | |
| Select group hotkey | 473 | |
| Use ability | 65 | |
2192 total
» units
| Peon | 10 | |
| Grunt | 6 | |
| Spirit Walker | 3 | |
| Raider | 2 | |
| Demolisher | 3 | |
| Tauren | 4 | |
| Troll Batrider | 62 | |
90 total
» upgrades
| Armor | 2 | |
| Melee Weapons | 1 | |
| Berserker Strength | 1 | |
| Ensnare | 1 | |
| Pulverize | 1 | |
| Liquid Fire | 1 | |
| Ranged Weapons | 3 | |
10 total
» buildings
| Altar of Storms | 1 | |
| Orc Burrow | 9 | |
| Voodoo Lounge | 1 | |
| Barracks | 1 | |
| War Mill | 1 | |
| Stronghold | 1 | |
| Watch Tower | 2 | |
| Spirit Lodge | 1 | |
| Beastiary | 2 | |
| Fortress | 1 | |
| Tauren Totem | 1 | |
| Great Hall | 1 | |
22 total
» build order
00:03 Altar of Storms
00:09 Orc Burrow
01:17 Voodoo Lounge
01:28 Barracks
02:01 War Mill
02:49 Orc Burrow
03:03 Orc Burrow
03:35 Stronghold
03:46 Orc Burrow
04:00 Watch Tower
05:18 Orc Burrow
06:46 Spirit Lodge
06:59 Beastiary
08:02 Fortress
10:39 Tauren Totem
10:48 Orc Burrow
11:22 Orc Burrow
15:03 Orc Burrow
15:39 Orc Burrow
18:35 Great Hall
23:20 Beastiary
37:12 Watch Tower
» items
Chat log
(00:09 / All) BEAR_AND: howdy
(00:13 / All) lubly: sup
(00:20 / All) BEAR_AND: stayin up late
(00:26 / All) BEAR_AND: cleaning my place
(00:28 / All) BEAR_AND: playin games
(00:29 / All) BEAR_AND: you?
(00:37 / All) lubly: just bored
(00:46 / All) lubly: havent played this game in a while
(35:52 / All) BEAR_AND: WORTH IT?
(35:57 / All) lubly: yes
(36:08 / All) lubly: worth wasting 5 hours of ur life?
(36:12 / All) lubly: cuz im not quitting
(36:14 / All) BEAR_AND: you have it wrong
(36:15 / All) BEAR_AND: i'm winning
(36:18 / All) BEAR_AND: i'm enjoying this
(36:23 / All) BEAR_AND: you're the one whose time is being wasted
(36:25 / All) lubly: im glad
(36:28 / All) lubly: dude
(36:28 / All) BEAR_AND: unless of course you enjoy losing?
(36:33 / All) BEAR_AND: listen
(36:37 / All) lubly: if u were any good u cood have gotten several wins
(36:38 / All) BEAR_AND: i have done this hundreds of times
(36:41 / All) BEAR_AND: i have a website about this
(36:42 / All) lubly: dude
(36:44 / All) BEAR_AND: http://highper.ch/
(36:46 / All) BEAR_AND: it's not about the wins
(36:47 / All) lubly: i totally wanna suck ur dick
(36:51 / All) lubly: thats how good u r
(36:53 / All) BEAR_AND: it's about the angry noobs like you
(36:56 / All) lubly: like slob ur nob
(37:04 / All) BEAR_AND: sounds good
(37:07 / All) lubly: im down
(37:23 / All) lubly: yeah shut ur ass up
(37:26 / All) BEAR_AND: ???
(37:47 / All) BEAR_AND: bye
(37:51 / All) lubly: hello
(37:57 / All) BEAR_AND: thanks for free win
(38:09 / All) lubly: thanks for the blowie
(38:16 / All) BEAR_AND: you seem to be confused
(38:22 / All) lubly: u seem to be confused
(38:32 / All) BEAR_AND: lol
(38:36 / All) lubly: dude i was trying to lose
(38:38 / All) BEAR_AND: http://highper.ch/
(38:40 / All) BEAR_AND: clan towa #1
(38:53 / All) lubly: if i get 1 more loss i break the record for losses in wacraft all time
(38:58 / All) lubly: guiness book is here
(39:02 / All) lubly: ur helpin me out dawg
(39:06 / All) lubly: scondly
(39:08 / All) BEAR_AND: unfunny retard noob keeps chatting
(39:12 / All) BEAR_AND: while staying in a loss
(39:15 / All) BEAR_AND: must love losing a lot
(39:18 / All) lubly: wat does it say about ur personality that u r sending me a link to ur website
(39:23 / All) BEAR_AND: you lost to heroes
(39:24 / All) BEAR_AND: just heroes
(39:29 / All) BEAR_AND: you made expos and an army
(39:30 / All) lubly: im telling u
(39:33 / All) BEAR_AND: and couldn't kill three heroes
(39:35 / All) BEAR_AND: lol
(39:39 / All) lubly: record breaking loss
(39:43 / All) BEAR_AND: do you have a learning disability
(39:45 / All) lubly: ur helpin me out son
(39:59 / All) lubly: the quicker i lose the better
(40:07 / All) BEAR_AND: 68 96 41.46 %
(40:14 / All) BEAR_AND: your 97th loss
(40:17 / All) BEAR_AND: is not a recrod
(40:19 / All) lubly: nah its a span of accounts
(40:27 / All) BEAR_AND: maybe world record worst orc
(40:30 / All) lubly: i wouldnt think a moron like u could understand
(40:32 / All) BEAR_AND: if you were going for that
(40:35 / All) BEAR_AND: you might get it
(40:37 / All) lubly: yes
(40:40 / All) lubly: were u not listening?
(40:47 / All) BEAR_AND: are you ready for a feature
(40:48 / All) lubly: im trying to break this record
(40:50 / All) BEAR_AND: on the #1 tower replay website
(40:53 / All) BEAR_AND: http://highper.ch/
(40:55 / All) lubly: u finally figured it out
(41:05 / All) BEAR_AND: how many towers did you kill this game
(41:07 / All) BEAR_AND: 4?
(41:08 / All) BEAR_AND: 3?
(41:08 / All) lubly: see wat im sayin here with the website thing
(41:16 / All) lubly: its a little pathetic
(41:23 / All) lubly: where as i
(41:24 / All) BEAR_AND: as pathetic as losing to three heroes and no army.....?
(41:27 / All) lubly: am making records
(41:34 / All) lubly: no see mine is to a goal
(41:42 / All) lubly: my goal of worst record
(41:51 / All) lubly: u r rele struggling to grasp this
(41:53 / All) lubly: wait
(41:55 / All) BEAR_AND: "really
(41:56 / All) BEAR_AND: "
(42:00 / All) lubly: where r u going???????
(42:04 / All) BEAR_AND: can you not spell the word "really"?
(42:11 / All) lubly: NOOOOOOOOOOOOOOO
(42:15 / All) lubly: FINIFH ME
(42:19 / All) lubly: FINISH ME
(42:24 / All) BEAR_AND: ok
(42:25 / All) BEAR_AND: 1 sec
(42:41 / All) lubly: please and thank u
(42:51 / All) lubly: dont toy with me
(42:54 / All) lubly: i need this loss
(42:56 / All) BEAR_AND: too late
(43:01 / All) BEAR_AND: i have been toying with you literally all game
(43:02 / All) lubly: NOOOOOOOOO
(43:05 / All) BEAR_AND: i have 14000 gold
(43:11 / All) BEAR_AND: i could have gone 100food chimaera three times over
(43:15 / All) lubly: AND I NEED 1 MORE LOSS
(43:30 / All) lubly: i dunno if its 100 times over
(43:33 / All) lubly: chims r pricy
(43:37 / All) BEAR_AND: 3 times over
(43:38 / All) BEAR_AND: read
(43:40 / All) BEAR_AND: read english
(43:42 / All) BEAR_AND: are you illiterate
(43:55 / All) lubly: illiterate enough to break the record
(43:58 / All) lubly: of losses
(44:03 / All) BEAR_AND: lol
(44:05 / All) lubly: and u were king enough to give it to me
(44:11 / All) lubly: preciate it
(44:11 / All) BEAR_AND: is this your attempt at 'moral victory'
(44:14 / All) lubly: wats ur facebook?
(44:17 / All) lubly: so i can friend u
(44:19 / All) BEAR_AND: facebook.com/tylerkerr
(44:32 / All) lubly: thats funny thats not how u spell flaming faggot
(44:38 / All) BEAR_AND: wow
(44:40 / All) BEAR_AND: somebody is mad
(44:42 / All) BEAR_AND: about losing this hard
(44:48 / All) BEAR_AND: it's ok, must be tough.....being a retard
(44:58 / All) lubly: its not so bad
(45:09 / All) lubly: specially when im the retard that broke the world record
(45:23 / All) lubly: and ur the smart leanrned indivivdual who helped me do it
(45:23 / All) BEAR_AND: creating a world record story
(45:29 / All) BEAR_AND: so he feels better about getting smashed
(45:32 / All) BEAR_AND: this is new to me
(45:39 / All) lubly: its new to me too
(45:43 / All) lubly: first record
(45:45 / All) lubly: i
(46:01 / All) BEAR_AND: why didn't you make siege
(46:03 / All) BEAR_AND: to kill towers
(46:04 / All) lubly: the first record i went for was towering like a bitch
(46:05 / All) BEAR_AND: i saw like 2 demos
(46:07 / All) lubly: but it was too easy
(46:21 / All) BEAR_AND: do you think towering is hard to beat
(46:22 / All) lubly: so i went for losing
(46:23 / All) BEAR_AND: lol
(46:24 / All) BEAR_AND: towers don't move
(46:32 / All) BEAR_AND: you just take expansions and kill them
(46:33 / All) lubly: shows how much u know
(46:36 / All) lubly: they totes move
(46:41 / All) lubly: they can uproot
(46:42 / All) BEAR_AND: you just used the word "totes"
(46:46 / All) lubly: now whose the retard
(46:47 / All) BEAR_AND: are you a fucking chav
(47:07 / All) lubly: i dont know wat a chav is
(47:08 / All) lubly: but yes
(47:11 / All) BEAR_AND: listen i can imagine that losing this badly is rough
(47:17 / All) BEAR_AND: just relax, you'll lose many more
(47:20 / All) BEAR_AND: i can tell
(47:36 / All) BEAR_AND: maybe you have a palsy and your fingers are slow?
(47:40 / All) BEAR_AND: or maybe you don't know about hotkeys
(47:41 / All) lubly: also u have proven to be a moron
(47:49 / All) BEAR_AND: you can use keys on the keyboard to activate skills and select units
(47:51 / All) lubly: because i have tricked u into keeping my main alive
(47:53 / All) BEAR_AND: it makes you way faster! try it!
(47:56 / All) BEAR_AND: lol
(48:03 / All) BEAR_AND: do you really think i'm a moron
(48:06 / All) lubly: y else wood u not have killed me
(48:08 / All) lubly: i do
(48:12 / All) BEAR_AND: what's it like being fucking owned
(48:13 / All) BEAR_AND: by a moron
(48:18 / All) lubly: so whose the moron me
(48:24 / All) BEAR_AND: answer
(48:25 / All) lubly: the guy who won a world record
(48:26 / All) BEAR_AND: what's it like
(48:26 / All) lubly: or u
(48:27 / All) BEAR_AND: being owned
(48:29 / All) BEAR_AND: by a moron
(48:32 / All) lubly: the guy who cant beat me
(48:37 / All) BEAR_AND: lol
(48:45 / All) lubly: as long as im alive its not over
(48:48 / All) lubly: i have mind fucked u
(48:50 / All) BEAR_AND: this game was over
(48:54 / All) lubly: y else u think im still in this
(48:57 / All) BEAR_AND: as soon as you failed to make siege
(49:01 / All) lubly: the y am i still in the game?
(49:09 / All) lubly: i havnt actually lost yet
(49:15 / All) lubly: ur keeping me from my goal
(49:21 / All) BEAR_AND: haha you're 41%
(49:22 / All) lubly: its a little frustrating not gonna lie
(49:25 / All) BEAR_AND: and you don't lossbot
(49:32 / All) BEAR_AND: either you are a small child
(49:34 / All) BEAR_AND: you have a palsy
(49:40 / All) BEAR_AND: or you are actually a retarded person
(49:41 / All) lubly: a palsy?
(49:46 / All) lubly: dont u mean cerebal palsy?
(49:48 / All) lubly: jask ass
(49:54 / All) BEAR_AND: cerebral palsy is one type of palsy
(50:05 / All) lubly: i forgot u were the master of palsys
(50:16 / All) BEAR_AND: i've played against a number of shitnoobs that seem to have them
(50:31 / All) BEAR_AND: it's up in the hundreds
(50:43 / All) lubly: sooooooooooooooooooooo
(50:48 / All) lubly: u r the master of palsy
(50:57 / All) BEAR_AND: you may call me that if you wish
(51:01 / All) lubly: r u also the master of almost wins?
(51:04 / All) lubly: cuz u got one here
(51:06 / All) BEAR_AND: sure
(51:15 / All) lubly: im not leaving
(51:22 / All) BEAR_AND: hahahahaha
(51:29 / All) lubly: cuz that makes the world record not count
(51:32 / All) lubly: u have to beat me
(51:34 / All) BEAR_AND: do you know what the kubler-ross model of grief is
(51:34 / All) lubly: so plz
(51:47 / All) lubly: im sure ur gonna try to be smart and tell me
(51:47 / All) BEAR_AND: most garbage noobs go through it, at least in some form, when losing to towers
(51:53 / All) lubly: while u look it up on wikipedia
(51:57 / All) BEAR_AND: lol
(52:07 / All) BEAR_AND: "i'm not leaving" is classic
(52:15 / All) BEAR_AND: i would say it represents the bargaining stage
(52:16 / All) lubly: it is also a statement of fact
(52:22 / All) lubly: ur not smart
(52:23 / All) BEAR_AND: lol
(52:27 / All) lubly: actually
(52:27 / All) BEAR_AND: well,
(52:33 / All) BEAR_AND: what's it like losing to someone who's not smart
(52:35 / All) lubly: considering ur playing this game
(52:38 / All) lubly: at 3 in the morning
(52:43 / All) lubly: u r probably rele smart
(52:50 / All) BEAR_AND: we're both playing the same game at the same time
(52:51 / All) lubly: so smart
(52:57 / All) lubly: that this is ur only human interaction
(52:59 / All) lubly: this and ur mom
(52:59 / All) BEAR_AND: that's what we call an impasse
(53:01 / All) lubly: hi mom
(53:11 / All) lubly: actually shes probably asleep
(53:19 / All) lubly: these late nights r tough on her
(53:47 / All) lubly: yeah
(53:50 / All) lubly: shut ur ass up
(53:52 / All) BEAR_AND: huh
(53:56 / All) BEAR_AND: i was making control groups
(53:58 / All) BEAR_AND: do you know about those
(54:04 / All) BEAR_AND: when you select units and press ctrl+#
(54:12 / All) BEAR_AND: it makes a group you can easily recall by pressing that number
(54:33 / All) lubly: u cood kill me
(54:37 / All) lubly: or cood u?
(54:42 / All) BEAR_AND: i could have killed you like 30 minutes ago
(54:44 / All) lubly: its a win win for u big guy
(54:51 / All) lubly: but cuz ur lonely u didnt
(54:58 / All) BEAR_AND: no, my favorite is forcing little birdnoobs to stay in a losing game
(55:01 / All) BEAR_AND: bow to me
(55:03 / All) BEAR_AND: kiss my feet
(55:13 / All) BEAR_AND: say my name
(55:19 / All) BEAR_AND: and kiss my feet again
(55:20 / All) BEAR_AND: bow
(55:21 / All) BEAR_AND: bow
(55:23 / All) BEAR_AND: Bow
(55:24 / All) BEAR_AND: bow
(55:25 / All) BEAR_AND: bow
(55:29 / All) lubly: dude u rele r struggling to understand the win concept
(55:33 / All) BEAR_AND: listen
(55:37 / All) BEAR_AND: i'll try to help you here
(55:40 / All) BEAR_AND: the word is "really"
(55:44 / All) lubly: and ive mind fucked u so hard
(55:48 / All) lubly: that u dont wanna kill me
(55:52 / All) BEAR_AND: it's something you learn in first grade or so
(56:03 / All) lubly: so if we assume i dont wanna lose
(56:11 / All) lubly: then im getting wat i want
(56:26 / All) BEAR_AND: incorrect
(56:29 / All) BEAR_AND: you know you lost
(56:34 / All) BEAR_AND: and you know you were toyed with for an hour
(56:44 / All) BEAR_AND: you're just so frustrated about it you don't want to show submission by leaving
(56:48 / All) BEAR_AND: so you stay and chat about it
(56:51 / All) BEAR_AND: while you stew
(56:57 / All) BEAR_AND: this is exactly why i play
(57:12 / All) lubly: cuz u have no social life?
(57:21 / All) BEAR_AND: not at 4am
(57:26 / All) BEAR_AND: i play video games at 4am
(57:28 / All) BEAR_AND: and so do you
(57:53 / All) lubly: yes but if i told u its cuz i have no social life u would be then agreeing to the idea that u dont either
(58:01 / All) BEAR_AND: not necessarily
(58:08 / All) BEAR_AND: that's flawed logic
(58:21 / All) lubly: u rele think ur rele smart dont u
(58:26 / All) BEAR_AND: well, yes,
(58:32 / All) lubly: good for u
(58:32 / All) BEAR_AND: what do you think
(59:01 / All) lubly: i think that u try to prove ur smart to starngers online so u can convince urself
(59:08 / All) lubly: cuz u know ur not actually smart
(59:12 / All) BEAR_AND: as you spell "strangers" "starngers"
(59:14 / All) lubly: u can call me freud
(59:17 / All) lubly: no biggie
(59:18 / All) BEAR_AND: and lose an hour-long game
(59:56 / All) lubly: struck kinda close to home didnt i?
(60:00 / All) BEAR_AND: what
(60:06 / All) BEAR_AND: the intelligence thing? lol
(60:15 / All) BEAR_AND: conversely
(60:21 / All) BEAR_AND: you seem to be focused on intelligence
(60:35 / All) BEAR_AND: if i wanted to play babydoctor i would say you're exhibiting signs of projection
(60:46 / All) BEAR_AND: focusing on an issue that you've internalized for years:
(60:49 / All) BEAR_AND: your subpar intelligence
(60:55 / All) BEAR_AND: but that would be silly
(61:17 / All) lubly: see wat im saying?
(61:25 / All) lubly: who r u trying to prove this to?
(61:34 / All) lubly: the guy so noobish that he coodnt beat 3 heros?
(61:41 / All) BEAR_AND: i'm just relaxing, cleaning my place and making you feel like shit
(61:47 / All) BEAR_AND: all enjoyable activities
(61:51 / All) BEAR_AND: what are you up to
(61:55 / All) BEAR_AND: losing a game for an hour
(61:59 / All) BEAR_AND: no big deal
(62:05 / All) lubly: watching breaking bad
(62:19 / All) BEAR_AND: walter poisons brock
(62:21 / All) BEAR_AND: brock lives
(62:24 / All) BEAR_AND: jesse doesn't know
(62:31 / All) BEAR_AND: gus dies, walter kills him with a bomb
(62:42 / All) BEAR_AND: salamanca helps walter by arranging a meeting
(62:44 / All) BEAR_AND: at the nursing home
(62:58 / All) lubly: i meant season 5
(63:18 / All) BEAR_AND: lol
(63:50 / All) BEAR_AND: hope i didn't ruin the show for you
(63:52 / All) BEAR_AND: oops
(64:03 / All) BEAR_AND: maybe you're further behind
(64:10 / All) BEAR_AND: jane overdoses and dies
(64:20 / All) BEAR_AND: walter could save her but doesn't
(65:30 / All) BEAR_AND: 4:06
(66:16 / All) lubly: hello?
(66:25 / All) BEAR_AND: howdy
(66:32 / All) lubly: hey so that was my friend
(66:35 / All) lubly: sorry about that
(66:43 / All) BEAR_AND: do you think i've never heard that one
(66:49 / All) lubly: yeah i thought u were gonna say that
(66:51 / All) BEAR_AND: the "it was my brother" or "it was my friend"
(66:52 / All) lubly: but whatever
(66:58 / All) lubly: yeah yeah yeah
(66:59 / All) BEAR_AND: i've done this more than a few times
(67:10 / All) lubly: great dude
(67:15 / All) BEAR_AND: someone came to my house once
(67:18 / All) BEAR_AND: he was so mad about it
(67:39 / All) lubly: some ppl get really into it
(67:43 / All) BEAR_AND: yeah
(67:51 / All) BEAR_AND: some people perform what we call a "rage-stay"
(68:07 / All) BEAR_AND: where you kill everything but one building and they stay, thinking it's a way of saying "fuck you"
(68:18 / All) BEAR_AND: meanwhile my main goal is to have a long game
(68:30 / All) BEAR_AND: my record is 18 hours
(68:47 / All) lubly: very impressive
(68:57 / All) lubly: im sorry but ur not gonna beat that record tonight
(69:01 / All) lubly: because im leaving
(69:08 / All) lubly: and there are not enough hours for u to beat it tonight
(69:09 / All) BEAR_AND: i don't really expect to
(69:20 / All) BEAR_AND: closest behind that was 12 hours
(69:25 / All) lubly: nice
(69:26 / All) BEAR_AND: both of those were in 3s though
(69:27 / All) lubly: like
(69:28 / All) BEAR_AND: on highperch
(69:35 / All) lubly: you had a lot of towers
(69:38 / All) BEAR_AND: highperch brings out the best
(69:42 / All) lubly: haha
(69:49 / All) lubly: you had a lot of towers
(69:51 / All) lubly: but this one time
(69:58 / All) lubly: this guy literally towered the entire map
(69:59 / All) BEAR_AND: read my website http://highper.ch/ maybe you'll learn how to kill a tower
(70:03 / All) lubly: the entire map
(70:10 / All) BEAR_AND: do you know the 4s map "friends"
(70:15 / All) BEAR_AND: it has 900000 gold
(70:18 / All) lubly: dont think so
(70:19 / All) BEAR_AND: we've covered it
(70:26 / All) BEAR_AND: as far as we know it's the tower record
(70:28 / All) BEAR_AND: 7499 towers
(70:36 / All) lubly: was it a real game?
(70:38 / All) BEAR_AND: nobody has challenged it
(70:39 / All) BEAR_AND: of course
(70:42 / All) BEAR_AND: 4v4 AT
(71:19 / All) lubly: im too tired for this
(71:25 / All) lubly: bye
(71:28 / All) BEAR_AND: owned
(71:39 / All) BEAR_AND: stage 5 of grief
(71:41 / All) BEAR_AND: acceptance